 Dungeon Crawl Stone Soup version 0.32-a0-938-g40ac7a0 (webtiles) character file.

Game seed: 11029214387564822784

34030 Lovepenguin the Eclecticist (level 13, -2/102 HPs)
             Began as an Oni Conjurer on Apr 18, 2024.
             Was a High Priest of Vehumet.
             Slain by an obsidian bat (9 damage)
             ... while paralysed by an orc sorcerer
             ... on level 1 of the Orcish Mines.
             The game lasted 00:33:45 (17237 turns).

Lovepenguin the Eclecticist (Oni Conjurer)         Turns: 17237, Time: 00:33:46

Health: -2/102     AC:  5    Str: 14    XL:     13   Next: 74%
Magic:  22/33      EV:  1    Int: 23    God:    Vehumet [*****.]
Gold:   616        SH:  0    Dex:  7    Spells: 18/44 levels left

rFire   + . .        a - staff of air
rCold   . . .        (no shield)
rNeg    . . .        J - +0 troll leather armour
rPois   .            (helmet restricted)
rElec   +            q - +0 cloak
rCorr   +            (gloves unavailable)
SInv    .            (boots unavailable)
Will    +....        (no amulet)
Stlth   +            K - ring of protection from fire
HPRegen 1.17/turn    s - ring of resist corrosion
MPRegen 0.23/turn

%: no passive effects
@: paralysed
A: large, unfitting armour, horns 1, tough skin 1, double potion healing,
drunken brawling
a: Renounce Religion


You were on level 1 of the Orcish Mines.
You worshipped Vehumet.
Vehumet was extremely pleased with you.
You visited 3 branches of the dungeon, and saw 14 of its levels.
You also visited: Ossuary and Bailey.

You collected 2067 gold pieces.
You spent 1451 gold pieces at shops.

Inventory:

Missiles
 n - 2 throwing nets
Armour
 q - a +0 cloak (worn)
 J - a +0 troll leather armour (worn)
Magical Staves
 a - a staff of air (weapon)
Jewellery
 d - a ring of flight
 s - a ring of resist corrosion (right hand)
 K - a ring of protection from fire (left hand)
Talismans
 u - a talisman of death
Wands
 e - a wand of warping (9)
 i - a wand of digging (5)
 r - a wand of charming (19)
 v - a wand of polymorph (6)
Scrolls
 b - 3 scrolls of immolation
 c - 4 scrolls of brand weapon
 g - 4 scrolls of fear
 h - 2 scrolls of revelation
 j - 4 scrolls of vulnerability
 m - 4 scrolls of blinking
 o - a scroll of summoning
 p - 3 scrolls of teleportation
 w - 2 scrolls of amnesia
 y - 3 scrolls of enchant weapon
 F - a scroll of fog
 G - a scroll of enchant armour
 N - a scroll of silence {unknown}
 O - a scroll of poison
 Q - a scroll of noise
Potions
 f - 2 potions of enlightenment
 k - 2 potions of heal wounds
 l - 2 potions of might
 t - 4 potions of brilliance
 z - a potion of resistance
 A - 2 potions of haste
 B - 5 potions of curing
 C - 3 potions of cancellation
 D - a potion of mutation
 E - a potion of attraction
 L - a potion of berserk rage
Miscellaneous
 M - a phial of floods


   Skills:
 - Level 3.0 Armour
 - Level 1.7 Dodging
 - Level 1.4 Stealth
 * Level 16.0 Spellcasting
 + Level 13.0 Conjurations
 + Level 9.0 Fire Magic


You had 18 spell levels left.
You knew the following spells:

 Your Spells              Type           Power      Damage    Failure   Level
a - Magic Dart            Conj           100%       1d8       0%          1
b - Searing Ray           Conj           100%       2d8       1%          2
c - Fulminant Prism       Conj/Alch      24%        3d12      1%          4
d - Iskenderun's Mystic   Conj/Tloc      48%        2d11      (+2d51%     4
e - Irradiate             Conj/Alch      24%        3d19      1%          5
g - Starburst             Conj/Fire      31%        6d9       1%          6
q - Blink                 Tloc           36%        N/A       5%          2
z - Sublimation of Blood  Necr           18%        N/A       5%          2

Your spell library contained the following spells:

 Spells                   Type           Power      Damage    Failure   Level
 Sticky Flame             Fire/Alch      39%        2d8       1%          4
 Foxfire                  Conj/Fire      100%       2x1d9     1%          1
 Arcjolt                  Conj/Air       32%        1d42      1%          5
 Slow                     Hex            72%        N/A       3%          1
 Frozen Ramparts          Ice            36%        1d6       3%          3
 Call Imp                 Summ           36%        N/A       5%          2
 Ensorcelled Hibernation  Hex/Ice        36%        N/A       5%          2
 Confusing Touch          Hex            18%        N/A       11%         3
 Fugue of the Fallen      Necr           18%        N/A       11%         3
 Maxwell's Portable Pile  Tloc           18%        2d(7-19)  11%         3
 Ozocubu's Armour         Ice            18%        N/A       11%         3
 Vampiric Draining        Necr           18%        2d7       11%         3
 Conjure Ball Lightning   Conj/Air       32%        3x3d10    11%         6
 Plasma Beam              Fire/Air       28%        2x1d40    22%         6
 Anguish                  Hex/Necr       9%         N/A       36%         4
 Petrify                  Alch/Erth      18%        N/A       36%         4
 Metabolic Englaciation   Hex/Ice        9%         N/A       71%         5
 Discord                  Hex            9%         N/A       100%        8
 Disjunction              Tloc           9%         N/A       100%        8
 Maxwell's Capacitive Co  Air            13%        ∞         100%        8


Dungeon Overview and Level Annotations

Branches:
Dungeon (12/15) Zot: 25737  Temple (1/1) D:5 Zot: 5975    Lair (0/5) D:8
    Orc (1/2) D:12 Zot: 5994 Ossuary (visited)          Bailey (visited)

Altars:
Ashenzari
Cheibriados
Dithmenos
Elyvilon
Fedhas
Gozag
Hepliaklqana
Kikubaaqudgha
Makhleb
Nemelex Xobeh
Okawaru
Qazlal
Ru
Sif Muna
Trog
Uskayaw
Vehumet
Wu Jian
Xom
Yredelemnul
Zin
The Shining One

Shops:
D:6 :   D:7 :   D:9 ?[

Annotations:
D:10 3 runed translucent doors


Innate Abilities, Weirdness & Mutations

You are too large for most types of armour.
You have a pair of small horns on your head.
You have tough skin. (AC +1)
You gain doubled healing and magic from potions.
Whenever you drink a healing potion, you attack all around you.


Message History

The bolt of fire hits the orc sorcerer!!
The orc sorcerer is almost dead.
The obsidian bat bites you. Faint brimstone surges around you!
The orc sorcerer casts a spell.
You take 6 HP, and have [96/102] HP; You lose 6MP, and have [27/33] MP
Found 22 gold pieces.
The obsidian bat closely misses you. The ice devil completely misses you.
An orc warrior comes into view. It is wielding a +0 halberd.
The orc sorcerer closely misses you.
Casting: Starburst (dangerous; 1% risk of failure)
Confirm with . or Enter, or press ? or * to list all spells.
Casting: Starburst (dangerous; 1% risk of failure)
Press: ? - help, Dir - look around, f - activate The bolt of fire hits the warg!!
The warg is heavily wounded.
The bolt of fire hits the hell hound.
The hell hound completely resists.
The bolt of fire hits the ice devil!!!
The ice devil is burned terribly!
The ice devil is almost dead.
The bolt of fire misses the orc sorcerer.
The warg bites you! The obsidian bat bites you! The ice devil hits you.
The ice devil freezes you!
The orc sorcerer gestures at you while chanting.
You suddenly lose the ability to move!
The hell hound bites you but does no damage.
The obsidian bat bites you. Faint brimstone surges around you!
The warg bites you.
The hell hound bites you but does no damage.
The ice devil hits you but does no damage.
The warg bites you!!
An orc comes into view. It is wielding a +0 dagger.
The obsidian bat bites you. Faint brimstone surges around you!
The orc sorcerer gestures wildly while chanting.
The obsidian bat bites you!
* * * LOW HITPOINT WARNING * * *
The hell hound bites you!
* * * LOW HITPOINT WARNING * * *
The warg bites you but does no damage. The hell hound bites you!
* * * LOW HITPOINT WARNING * * *
The obsidian bat bites you!
You die...

.. ....
##o## ... .
##...#$.. ..
....... ...
##.4o#. ...#
#...o.#.....
#.o4hr.....
##.h@h##
#..<.b.#
#.....#.#
#.........#
##.#...#.##
####.####
###


You could see an orange demon (summoned), an ice devil (summoned), an obsidian
bat, a warg, an orc sorcerer, an orc warrior, 2 hell hounds, a hell rat
(summoned) and 2 orcs.

Vanquished Creatures
  Frances (D:12)
  Harold (D:9)
  3 two-headed ogres
  3 boulder beetles (D:11)
  Lodul (D:10)
  Pikel (D:6)
  A deep elf pyromancer (D:12)
  A cyclops (D:12)
  2 rust devils (D:9)
  2 gargoyles (D:12)
  A smoke demon (D:9)
  A rime drake (D:8)
  A red devil (D:9)
  A tyrant leech (D:10)
  5 trolls
  A polar bear (D:8)
  Grinder (D:6)
  5 slime creatures
  Sigmund (D:6)
  A shadow (D:11)
  2 wyverns
  33 yaks
  3 wraiths
  3 swamp worms
  A water moccasin (D:6)
  Menkaure (D:6)
  6 orc warriors
  2 black bears
  3 ice beasts
  A sky beast (D:7)
  6 ogres (D:10)
  4 centaurs
  A lemure (D:6)
  A kobold brigand (D:9)
  Blork the orc (D:6)
  A brain worm (D:5)
  4 bullfrogs
  A scorpion (D:7)
  2 burial acolytes (Ossuary)
  11 killer bees
  4 howler monkeys (D:11)
  2 bombardier beetles
  4 hounds
  A centaur zombie (Ossuary)
  A gnoll bouda (D:6)
  10 orc priests
  A jelly (D:7)
  An iguana (D:5)
  18 orc wizards
  5 mummies (Ossuary)
  Robin (D:3)
  4 gnolls (D:6)
  8 adders
  3 white imps
  2 ufetubi (D:4)
  5 dart slugs
  54 orcs
  3 bats
  4 endoplasms
  4 giant cockroaches
  6 hobgoblins
  10 jackals
  A quokka (D:2)
  6 ball pythons
  2 frilled lizards (D:3)
  2 gnoll zombies (Ossuary)
  11 goblins
  9 kobolds
  2 kobold zombies (Ossuary)
  3 orc zombies (Ossuary)
  7 rats
  A spectral kobold (D:2)
316 creatures vanquished.

Vanquished Creatures (others)
  155 fulminant prisms
155 creatures vanquished.

Grand Total: 471 creatures vanquished

Notes
Turn   | Place    | Note
-------+----------+-------------------------------------------
     0 | D:1      | Lovepenguin the Oni Conjurer began the quest for the Orb.
     0 | D:1      | Reached XP level 1. HP: 16/16 MP: 3/3
   207 | D:1      | Reached XP level 2. HP: 23/24 MP: 2/5
   868 | D:1      | Reached skill level 3 in Spellcasting
   980 | D:1      | Reached XP level 3. HP: 31/31 MP: 4/7
  1343 | D:1      | Learned a level 2 spell: Searing Ray
  1950 | D:2      | Found a faded altar of an unknown god.
  2163 | D:2      | Reached XP level 4. HP: 39/39 MP: 5/9
  2245 | D:3      | Found an ancient bone altar of Kikubaaqudgha.
  2564 | D:3      | Found a snail-covered altar of Cheibriados.
  2617 | D:3      | Noticed Robin
  2636 | D:3      | Killed Robin
  2933 | D:3      | Found a glowing golden altar of the Shining One.
  3243 | D:4      | Reached skill level 5 in Conjurations
  3243 | D:4      | Reached XP level 5. HP: 45/45 MP: 4/10
  3598 | D:4      | Reached skill level 4 in Spellcasting
  3976 | D:4      | Reached XP level 6. HP: 51/53 MP: 4/12
  4298 | D:5      | Entered Level 5 of the Dungeon
  4302 | D:5      | Noticed an ice beast
  4422 | D:5      | Found a staircase to the Ecumenical Temple.
  4567 | Temple   | Entered the Ecumenical Temple
  4579 | Temple   | Became a worshipper of Vehumet
  4857 | D:5      | Found a bloodstained altar of Trog.
  4867 | D:5      | Reached skill level 5 in Spellcasting
  4867 | D:5      | Reached XP level 7. HP: 53/59 MP: 3/14
  4901 | D:5      | Learned a level 4 spell: Fulminant Prism
  4906 | D:5      | Learned a level 4 spell: Iskenderun's Mystic Blast
  5295 | D:6      | Noticed Menkaure
  5295 | D:6      | Noticed Sigmund
  5505 | D:6      | Reached skill level 6 in Spellcasting
  5520 | D:6      | Reached XP level 8. HP: 67/67 MP: 4/17
  5710 | D:6      | Found Awegh's Self-Published Books.
  5811 | D:6      | Noticed a yak
  5811 | D:6      | Noticed a yak
  5811 | D:6      | Noticed a yak
  5812 | D:6      | Noticed a yak
  5824 | D:6      | Killed a yak
  5919 | D:6      | Noticed a yak
  5942 | D:6      | Killed Menkaure
  5942 | D:6      | Killed Sigmund
  6021 | D:6      | Noticed Grinder
  6029 | D:6      | Paralysed by Grinder for 5 turns
  6039 | D:6      | Killed Grinder
  6040 | D:6      | Reached skill level 7 in Spellcasting
  6147 | D:6      | Noticed Blork the orc
  6153 | D:6      | Killed Blork the orc
  6547 | D:5      | Killed a yak
  6548 | D:5      | Reached XP level 9. HP: 8/74 MP: 3/20
  6912 | D:6      | Reached * piety under Vehumet
  6912 | D:6      | Offered knowledge of Shock by Vehumet.
  6941 | D:6      | Noticed Pikel
  7062 | D:6      | Learned a level 6 spell: Starburst
  7102 | D:6      | Killed Pikel
  7103 | D:6      | Reached skill level 8 in Spellcasting
  7103 | D:6      | Reached skill level 1 in Fire Magic
  7185 | D:6      | Identified 2 scrolls of acquirement
  7189 | D:6      | Acquired 258 gold pieces
  7287 | D:6      | Reached skill level 10 in Conjurations
  7450 | D:7      | Found a sand-covered staircase.
  7459 | Ossuary  | Entered an ossuary
  7861 | D:7      | Acquired 698 gold pieces
  7980 | D:7      | Reached XP level 10. HP: 81/81 MP: 17/22
  8084 | D:7      | Reached ** piety under Vehumet
  8084 | D:7      | Offered knowledge of Freeze by Vehumet.
  8086 | D:7      | Found Syturige's Book Shoppe.
  8107 | D:7      | Found a flagged portal.
  8108 | D:7      | Bought a book of Transmutation for 420 gold pieces
  8116 | Bailey   | Entered a bailey
  8221 | D:7      | Identified the +1 leather armour of Afonas {Rampage}
  8222 | D:7      | Reached skill level 9 in Spellcasting
  8293 | D:7      | Learned a level 2 spell: Sublimation of Blood
  8299 | D:7      | Learned a level 5 spell: Irradiate
  9773 | D:7      | Reached skill level 10 in Spellcasting
  9904 | D:7      | Offered knowledge of Volatile Blastmotes by Vehumet.
  9996 | D:7      | Learned a level 2 spell: Blink
 10261 | D:8      | Found a staircase to the Lair.
 10552 | D:9      | Found Letenuah's Antique Armour Shop.
 10820 | D:9      | Bought a runed orb for 324 gold pieces
 10975 | D:9      | Noticed Harold
 10988 | D:9      | Killed Harold
 10989 | D:9      | Reached skill level 11 in Spellcasting
 10989 | D:9      | Reached skill level 5 in Fire Magic
 10989 | D:9      | Reached XP level 11. HP: 73/88 MP: 0/26
 11203 | D:9      | Found Aladwom's Magic Scroll Shop.
 11221 | D:9      | Reached *** piety under Vehumet
 11270 | D:9      | Bought a scroll of identify for 32 gold pieces
 11270 | D:9      | Bought a scroll of identify for 32 gold pieces
 11270 | D:9      | Bought a scroll of fog for 64 gold pieces
 11270 | D:9      | Bought a scroll of identify for 32 gold pieces
 11272 | D:9      | Bought a scroll of enchant armour for 120 gold pieces
 12031 | D:9      | Offered knowledge of Flame Wave by Vehumet.
 12279 | D:10     | Entered Level 10 of the Dungeon
 12296 | D:10     | Reached skill level 12 in Spellcasting
 12727 | D:10     | Found a hazy altar of Hepliaklqana.
 12778 | D:10     | Found a runed translucent gate.
 12778 | D:10     | Found a runed translucent gate.
 12778 | D:10     | Found a runed translucent gate.
 12779 | D:10     | Noticed a green ugly thing
 12779 | D:10     | Noticed a white ugly thing
 12779 | D:10     | Noticed a brown ugly thing
 12784 | D:10     | Noticed a brown ugly thing
 12971 | D:10     | Noticed Lodul
 12978 | D:10     | Killed Lodul
 13172 | D:10     | Noticed a two-headed ogre
 13181 | D:10     | Killed a two-headed ogre
 13229 | D:10     | Found a basalt altar of Yredelemnul.
 13849 | D:10     | Noticed an orb spider
 13850 | D:10     | an orb spider changed into a shock serpent
 13850 | D:10     | Noticed a shock serpent (glowing shapeshifter)
 13851 | D:10     | a shock serpent changed into an orb spider
 13851 | D:10     | Noticed an orb spider (glowing shapeshifter)
 13852 | D:10     | an orb spider changed into a redback
 13856 | D:10     | a torpor snail changed into a moth of wrath
 13856 | D:10     | Noticed a moth of wrath (glowing shapeshifter)
 13857 | D:10     | a moth of wrath changed into a cyclops
 13857 | D:10     | Noticed a cyclops (glowing shapeshifter)
 13858 | D:10     | a cyclops changed into a crocodile
 13884 | D:10     | Noticed a skyshark
 14133 | D:11     | Reached skill level 1 in Armour
 14133 | D:11     | Reached skill level 13 in Spellcasting
 14133 | D:11     | Reached XP level 12. HP: 79/96 MP: 3/29
 14833 | D:10     | a human changed into a shock serpent
 14833 | D:10     | Noticed a shock serpent (glowing shapeshifter)
 14954 | D:11     | Reached **** piety under Vehumet
 15029 | D:11     | Noticed a boulder beetle
 15050 | D:11     | Killed a boulder beetle
 15057 | D:11     | Noticed a boulder beetle
 15128 | D:10     | a salamander changed into a skyshark
 15128 | D:10     | Noticed a skyshark (glowing shapeshifter)
 15129 | D:10     | a skyshark changed into an eye of devastation
 15475 | D:11     | Killed a boulder beetle
 15842 | D:11     | Found Azoblun's Magic Scroll Emporium.
 15850 | D:11     | Bought a scroll of amnesia for 60 gold pieces
 15850 | D:11     | Bought a scroll of revelation for 112 gold pieces
 15850 | D:11     | Bought a scroll of poison for 60 gold pieces
 15850 | D:11     | Bought a scroll of teleportation for 45 gold pieces
 15850 | D:11     | Bought a scroll of teleportation for 45 gold pieces
 15850 | D:11     | Bought a scroll of identify for 30 gold pieces
 15850 | D:11     | Bought a scroll of identify for 30 gold pieces
 15850 | D:11     | Bought a scroll of identify for 30 gold pieces
 15850 | D:11     | Bought a scroll of noise for 15 gold pieces
 15853 | D:11     | Reached skill level 15 in Spellcasting
 15853 | D:11     | Reached XP level 13. HP: 102/102 MP: 29/32
 15981 | D:12     | Offered knowledge of Stone Arrow by Vehumet.
 16151 | D:12     | Found a staircase to the Orcish Mines.
 16329 | D:12     | Noticed Frances
 16343 | D:12     | Killed Frances
 16657 | D:12     | Reached skill level 16 in Spellcasting
 16758 | D:12     | Reached ***** piety under Vehumet
 16974 | D:12     | Offered knowledge of Sticky Flame by Vehumet.
 17232 | Orc:1    | Entered Level 1 of the Orcish Mines
 17235 | Orc:1    | Paralysed by an orc sorcerer for 5 turns
 17237 | Orc:1    | Slain by an obsidian bat

Illustrated notes

Levels and vault maps discovered:
D:1:      psy_arrival_radial02, layout_basic
D:2:      layout_basic, dreamdust_ecumenical_altar_drowned_temple
D:3:      layout_basic, cheibriados_altar_1, nicolae_tso_carved_into_rock,
          mainiacjoe_overflow_24_doors, nicolae_houndstooth_variations,
          uniq_robin
D:4:      layout_cave_pools, nicolae_twisty_statue_hallways
D:5:      layout_cave_pools, trog_antimagical, minmay_temple_entry_mist
D:6:      layout_basic, nicolae_custom_books, uniq_pikel, uniq_menkaure,
          uniq_blork_the_orc, uniq_grinder, uniq_sigmund
D:7:      wander_river, layout_basic, enter_bailey_2, serial_shops, shop,
          nicolae_ossuary_entry_plus
D:8:      layout_cave_pools, hellmonk_lair_entry_icy
D:9:      layout_rooms, serial_shops, shop, minmay_holes, nicolae_stop_n_shop_2,
          nicolae_where_there's_smoke, uniq_harold
D:10:     layout_layer_cave, kennysheep_mini, old_standard_altar,
          ploomutoo_gammafunk_ghost_potion_laboratory, eino_tiny_chamber,
          hive_lemuel, uniq_lodul
D:11:     layout_cave_pools, serial_shops, nicolae_shop_tiny_real_fake_doors,
          worms_lemuel
D:12:     layout_rooms, hiddenorc2_lemuel, roderic_malta_cross, uniq_frances
Temple:   nicolae_temple_bog_church
Orc:1:    layout_caves, ebering_ghost_disaster_area, special_room
          [special_room_orc], enter_volcano_2, uniq_nergalle, uniq_maurice

Skill      XL: |  1  2  3  4  5  6  7  8  9 10 11 12 13 |
---------------+----------------------------------------+-----
Conjurations   | 4 5 6 7 9 10 11 12 13 | 13.0
Spellcasting   | 3 4 5 6 7 8 11 13 15 16 | 16.0
Fire Magic     | 3 5 6 8 9 |  9.0
Armour         | 1 3 |  3.0
Dodging        | |  1.7
Stealth        | |  1.4

Action                     |  1- 3 |  4- 6 |  7- 9 | 10-12 | 13-15 || total
---------------------------+-------+-------+-------+-------+-------++-------
  Melee: Unarmed           |    13 |     8 |     2 |     2 |       ||    25
         Headbutt          |     4 |     2 |       |       |     1 ||     7
         Staff             |       |       |       |       |     4 ||     4
  Throw: Throwing net      |       |       |       |     4 |       ||     4
         Dart              |       |       |       |     2 |     2 ||     4
   Cast: Magic Dart        |    68 |    65 |    40 |     6 |     8 ||   187
         Searing Ray       |     2 |    26 |    18 |     9 |       ||    55
         Fulminant Prism   |       |       |    34 |   111 |    10 ||   155
         Iskenderun's Myst |       |       |    14 |   105 |    23 ||   142
         Sublimation of Bl |       |       |       |     4 |     2 ||     6
         Blink             |       |       |       |     2 |       ||     2
         Irradiate         |       |       |       |     2 |    10 ||    12
         Starburst         |       |       |       |     1 |    15 ||    16
  Evoke: Wand              |       |     5 |     2 |     8 |     5 ||    20
    Use: Scroll            |       |       |    11 |    15 |       ||    26
         Potion            |       |       |     2 |     1 |     2 ||     5
 Armour: Robe              |    35 |    39 |    50 |    89 |       ||   213
         Troll leather arm |       |       |       |    45 |    62 ||   107
  Dodge: Dodged            |    16 |    15 |    33 |    67 |    29 ||   160

Table legend: (Time is in decaauts)
 A = Elapsed time spent in this place.
 B = Non-inter-level travel time spent in this place.
 C = Inter-level travel time spent in this place.
 D = Time resting spent in this place.
 E = Time spent auto-exploring this place.
 F = Levels seen in this place.
 G = Mean time per level.
                   A        B        C        D        E       F      G
               +--------+--------+--------+--------+--------+-----+--------+
         Total |  17268 |  16255 |   1013 |    111 |  13617 |  16 | 1079.2 |
       Dungeon |  16834 |  15843 |    991 |    111 |  13389 |  12 | 1402.8 |
        Temple |     24 |      2 |     22 |      0 |      0 |   1 |   24.0 |
  Orcish Mines |      4 |      4 |      0 |      0 |      0 |   1 |    4.0 |
       Ossuary |    400 |    400 |      0 |      0 |    228 |   1 |  400.0 |
        Bailey |      3 |      3 |      0 |      0 |      0 |   1 |    3.0 |
               +--------+--------+--------+--------+--------+-----+--------+

Top non-repeatable levels by time:
    D:10: 2849 daAuts
     D:7: 1744 daAuts
     D:9: 1739 daAuts
     D:6: 1706 daAuts
     D:5: 1398 daAuts
     D:1: 1343 daAuts
     D:3: 1097 daAuts
    D:11: 1068 daAuts
    D:12: 1055 daAuts
     D:8: 973 daAuts
     D:4: 972 daAuts
     D:2: 884 daAuts
 Ossuary: 400 daAuts
  Temple: 24 daAuts
   Orc:1: 4 daAuts
